 Dungeon Crawl Stone Soup version 0.17.0-28-g6e173f8 (webtiles) character file.

18585 dvd the Unseen (level 12, 0/54 HPs)
             Began as a Spriggan Enchanter on Nov 22, 2015.
             Was the Champion of Fedhas.
             Shot with a poisoned arrow by Nessos (15 damage)
             ... on level 4 of the Orcish Mines.
             The game lasted 01:28:27 (17504 turns).

dvd the Unseen (Spriggan Enchanter)                Turns: 17504, Time: 01:28:29

Health: 0/54       AC:  7    Str:  6    XL:     12   Next: 29%
Magic:  0/39       EV: 24    Int: 20    God:    Fedhas [******]
Gold:   1641       SH:  0    Dex: 21    Spells: 6 memorised, 22 levels left

rFire  . . .     SeeInvis +     a - +6 dagger (venom)
rCold  + . .     Clarity  .     K - +0 robe {MR+}
rNeg   + . .     SustAt   .     (shield restricted)
rPois  .         Gourm    .     (helmet restricted)
rElec  +         Spirit   +     L - +0 cloak of Disguise {rElec rC+ rCorr Dex+4}
rCorr  +         Warding  .     (gloves unavailable)
rMut   .         Stasis   .     (boots unavailable)
MR     +++..                    y - amulet of guardian spirit
Stlth  ++++++++..               g - ring of magical power
                                e - ring of positive energy

@: very slightly contaminated, very quick, extremely resistant to hostile
enchantments, extraordinarily stealthy
A: unfitting armour, rough black scales 1, see invisible, herbivore 3, speed 3,
slow metabolism 2, spit poison 1, strong 1
a: Spit Poison, Evolution, Sunlight, Growth, Reproduction, Rain, Renounce
Religion


You were on level 4 of the Orcish Mines.
You worshipped Fedhas.
Fedhas was exalted by your worship.
You were not hungry.

You visited 4 branches of the dungeon, and saw 18 of its levels.
You also visited: Ossuary and Bailey.

You collected 1641 gold pieces.

Inventory:

Hand Weapons
 a - a +6 dagger of venom (weapon)
 b - a +1 hunting sling
 k - a +2 whip of electrocution
 x - a +3 shortbow
 N - a +1 dagger of flaming
Missiles
 m - 200 stones (quivered)
 E - 75 arrows
 F - 17 arrows of flame
Armour
 l - a +2 robe
 K - a +0 robe of magic resistance (worn)
 L - the +0 cloak of Disguise (worn) {rElec rC+ rCorr Dex+4}
   (You found it in a bailey)

   It affects your dexterity (+4).
   It protects you from cold.
   It insulates you from electricity.
   It protects you from acid and corrosion.
Jewellery
 e - a ring of positive energy (left hand)
 g - a ring of magical power (right hand)
 t - an uncursed ring of sustain attributes
 u - an uncursed ring of fire
 y - an amulet of guardian spirit (around neck)
Wands
 s - a wand of heal wounds (8)
 B - a wand of slowing (21)
 G - a wand of magic darts (38)
 H - a wand of random effects (39)
Scrolls
 h - 13 scrolls of identify
 w - 2 scrolls of blinking
 A - 2 scrolls of remove curse
 J - a scroll of fog
Potions
 o - 5 potions of curing
 p - a potion of heal wounds
 r - a potion of brilliance
 v - 2 potions of agility
 I - a potion of berserk rage {unknown}
Books
 c - a book of Maledictions

   Spells                             Type                      Level
   a - Corona                         Hexes                        1
   b - Ensorcelled Hibernation        Hexes/Ice                    2
   c - Confuse                        Hexes                        3
   d - Tukima's Dance                 Hexes                        3
   e - Dazzling Spray                 Conjuration/Hexes            3
 i - Wabem's Handbook of Earthen Envenoming
   (You found it on level 8 of the Dungeon)

   Spells                             Type                      Level
   a - Sting                          Conjuration/Poison           1
   b - Sandblast                      Earth                        1
   c - Cure Poison                    Poison                       2
   d - Stoneskin                      Transmutation/Earth          2
   e - Olgreb's Toxic Radiance        Poison                       4
   f - Shatter                        Earth                        9
 C - a book of Ice

   Spells                             Type                      Level
   a - Ice Form                       Ice/Transmutation            4
   b - Metabolic Englaciation         Hexes/Ice                    5
   c - Ozocubu's Refrigeration        Ice                          6
   d - Bolt of Cold                   Conjuration/Ice              6
   e - Freezing Cloud                 Conjuration/Ice/Air          6
   f - Simulacrum                     Ice/Necromancy               6
 M - a Necronomicon

   Spells                             Type                      Level
   a - Haunt                          Necromancy/Summoning         7
   b - Borgnjor's Revivification      Necromancy                   8
   c - Death's Door                   Charms/Necromancy            8
   d - Necromutation                  Transmutation/Necromancy     8
Comestibles
 d - 9 bread rations
 D - 3 slices of pizza


   Skills:
 + Level 2.3 Fighting
 * Level 6.3 Short Blades
 + Level 3.0 Slings
 + Level 7.0 Dodging
 + Level 16.0 Stealth
 + Level 13.5 Spellcasting
 + Level 10.5 Hexes
 + Level 4.7 Ice Magic
 + Level 0.2 Invocations


You had 22 spell levels left.
You knew the following spells:

 Your Spells              Type           Power        Failure   Level  Hunger
a - Corona                Hex            ######.      1%          1    None
b - Ensorcelled Hibernat  Hex/Ice        #####.       1%          2    None
c - Confuse               Hex            ######..     1%          3    None
d - Tukima's Dance        Hex            ######..     1%          3    None
e - Cure Poison           Pois           ##........   10%         2    None
f - Metabolic Englaciati  Hex/Ice        #####.....   8%          5    ####...


Dungeon Overview and Level Annotations

Branches:
Dungeon (12/15)            Temple (1/1) D:7            Lair (1/8) D:9
    Orc (4/4) D:12
    Elf: Orc:3-4

Altars:
Ashenzari
Cheibriados
Dithmenos
Elyvilon
Fedhas
Gozag
Kikubaaqudgha
Makhleb
Nemelex Xobeh
Okawaru
Qazlal
Ru
Sif Muna
Trog
Vehumet
Xom
Yredelemnul
Zin
The Shining One
Beogh

Shops:
D:5 ?*?   D:6 (   Orc:2 [   Orc:4 =(%

Annotations:
Orc:4 Maurice, Nessos


Innate Abilities, Weirdness & Mutations

You are tiny and cannot use many weapons and most armour.
You have supernaturally acute eyesight.
You are a herbivore.
You cover ground extremely quickly.
You need consume almost no food.
You are partially covered in rough black scales (AC +4, Dex -1).
You can spit weak poison.
Your muscles are strong. (Str +2)


Message History

Press: ? - help, Shift-Dir - straight line, f - orc priest
Aim: an orc priest, wielding a mace (heavily wounded, poisoned, chance to defeat MR: 69%)
The orc priest looks drowsy...
Nessos blinks!
Your wandering mushroom completely misses the orc.
Nessos shoots a poisoned arrow.
The poisoned arrow hits you! The poisoned arrow burns you.
* * * LOW HITPOINT WARNING * * *
The orc completely misses you.
The orc hits your wandering mushroom with a hand axe.
The orc hits the toadstool with a hand axe.
The toadstool is destroyed!
The helpless orc priest fails to defend itself.
You spit the orc priest like a pig!!!!
You kill the orc priest!
Your wandering mushroom releases spores at the orc!
The orc dies!
Your wandering mushroom releases spores at Nessos but does no damage.
Nessos shoots a poisoned arrow.
The poisoned arrow hits you!!
You die...
Fedhas appreciates your contribution to the ecosystem.

....................#
....#.....$#.#T.##.##
#.$....T...#.###.#.##
....................#
...............†.#.##
............(..####
.........(#.####
.........#.....##
........o..o@....#
.......§..[)..c.##
#.....####f.f..#
.##.... ###f#.##
.......###.PPP##
.......#...P.##
...........###
............##
....##..#)...#


You could see Nessos, an orc wizard, an orc and 3 friendly wandering mushrooms.

Vanquished Creatures
  The ghost of ShokerKer the Cleaver, a journeyman MiFi of Okawaru (Orc:1)
  Harold (Lair:1)
  An ogre mage (Orc:4)
  Erolcha (D:8)
  2 deep trolls (Orc:4)
  Pikel (D:6)
  An orc knight (Orc:1)
  A black mamba (Lair:1)
  A fire drake (D:9)
  2 trolls
  Prince Ribbit (D:5)
  A wyvern (D:12)
  A wraith (D:10)
  A shadow (D:12)
  A deep elf mage (D:11)
  10 yaks
  2 hippogriffs
  Grum (D:8)
  2 wargs (D:12)
  Menkaure (D:5)
  A soldier ant (Lair:1)
  4 wolves (D:8)
  An eye of draining (D:10)
  2 porcupines (Lair:1)
  A water moccasin (D:12)
  A necrophage (D:11)
  6 orc warriors
  2 crocodiles (Lair:1)
  A sky beast (D:7)
  A black bear (D:12)
  4 centaurs
  A phantom (D:9)
  An ice beast (D:11)
  8 ogres
  2 big kobolds
  2 elf zombies (Ossuary)
  9 giant frogs
  3 scorpions
  4 killer bees (D:12)
  7 crimson imps
  9 orc priests
  A wasp zombie (D:9)
  5 hounds
  3 jellies
  3 giant frog skeletons
  A human zombie (Ossuary)
  2 centaur skeletons
  An iguana (Lair:1)
  15 orc wizards
  7 worker ants
  2 big kobold zombies (Ossuary)
  The ghost of Aarh the Skirmisher, a weakling OpAK of Lugonu (D:5)
  2 worker ant zombies (D:8)
  3 mummies
  6 gnolls
  7 river rats (Lair:1)
  8 adders
  3 shadow imps
  An adder zombie (Ossuary)
  2 adder skeletons
  A worm (D:2)
  3 giant geckos
  110 orcs
  8 goblins
  4 hobgoblins
  3 quokkas
  3 ball pythons (D:1)
  8 bats
  6 giant cockroaches
  2 giant gecko skeletons
  2 giant newts
  A goblin zombie (Ossuary)
  12 hobgoblin zombies (Ossuary)
  9 jackals
  A jackal zombie (Ossuary)
  17 kobolds
  6 kobold zombies (Ossuary)
  8 orc zombies (Ossuary)
  A quokka skeleton (D:9)
  11 rats
  3 rat zombies (Ossuary)
395 creatures vanquished.

Vanquished Creatures (collateral kills)
  An ogre mage (Orc:4)
  2 orc knights (Bailey)
  3 hill giants
  5 trolls (Orc:4)
  7 two-headed ogres
  A mottled dragon (D:12)
  13 ogres
  11 orc warriors
  4 wights (D:11)
  A crimson imp (D:12)
  5 orc priests
  A hound (D:12)
  3 orc wizards
  An adder (D:11)
  6 gnolls
  29 orcs
  A goblin (Orc:2)
94 creatures vanquished.

Vanquished Creatures (others)
  4 dancing weapons
  A trapdoor spider zombie (D:11)
  An orc (Orc:4)
  402 toadstools
408 creatures vanquished.

Grand Total: 897 creatures vanquished

Notes
Turn   | Place    | Note
--------------------------------------------------------------
     0 | D:1      | dvd the Spriggan Enchanter began the quest for the Orb.
     0 | D:1      | Reached XP level 1. HP: 9/9 MP: 5/5
   168 | D:1      | Reached XP level 2. HP: 8/13 MP: 5/7
   173 | D:1      | Learned a level 2 spell: Ensorcelled Hibernation
   750 | D:1      | Reached skill level 5 in Stealth
  1158 | D:2      | Reached XP level 3. HP: 16/16 MP: 4/8
  1166 | D:2      | Learned a level 3 spell: Confuse
  1200 | D:2      | Found a stormy altar of Qazlal.
  1244 | D:2      | Found a blossoming altar of Fedhas.
  1287 | D:2      | Became a worshipper of Fedhas Madash
  1658 | D:2      | Found a white marble altar of Elyvilon.
  1658 | D:2      | Found a burning altar of Makhleb.
  1658 | D:2      | Found a glowing silver altar of Zin.
  1887 | D:3      | Reached skill level 6 in Stealth
  1887 | D:3      | Reached XP level 4. HP: 21/21 MP: 10/10
  2057 | D:3      | Learned a level 3 spell: Tukima's Dance
  2283 | D:3      | Found a shattered altar of Ashenzari.
  2678 | D:4      | Reached XP level 5. HP: 24/24 MP: 12/12
  2706 | D:4      | Found an opulent altar of Gozag.
  2786 | D:4      | Found a shimmering altar of Xom.
  2911 | D:4      | Reached * piety under Fedhas
  2929 | D:4      | Reached skill level 7 in Stealth
  2944 | D:4      | You fall through a shaft!
  2944 | D:5      | Entered Level 5 of the Dungeon
  2963 | D:5      | Found a sand-covered staircase.
  3031 | Ossuary  | Entered an ossuary
  3576 | Ossuary  | Reached skill level 1 in Slings
  3576 | Ossuary  | Reached XP level 6. HP: 12/28 MP: 9/14
  3863 | Ossuary  | Reached skill level 5 in Spellcasting
  4125 | D:5      | Reached XP level 7. HP: 32/32 MP: 13/15
  4150 | D:5      | Reached skill level 8 in Stealth
  4182 | D:5      | Noticed Aarh's ghost (weakling OpAK)
  4208 | D:5      | Killed Aarh's ghost
  4374 | D:5      | Found Zanewor Emio's Magic Scroll Shop.
  4406 | D:5      | Noticed Menkaure
  4428 | D:5      | Killed Menkaure
  4428 | D:5      | Reached skill level 1 in Fighting
  4689 | D:5      | Noticed Prince Ribbit
  4990 | D:5      | Killed Prince Ribbit
  4990 | D:5      | Reached skill level 1 in Ice Magic
  5040 | D:5      | Found Tiwkux's Magic Scroll Boutique.
  5044 | D:5      | Found Vyss's General Store.
  5207 | D:6      | Found a sparkling altar of Nemelex Xobeh.
  5304 | D:6      | Found a sacrificial altar of Ru.
  5353 | D:6      | Reached XP level 8. HP: 35/37 MP: 6/19
  5441 | D:6      | Noticed Pikel
  5464 | D:6      | Found Uthriepa's Weapon Boutique.
  5524 | D:6      | Reached skill level 5 in Hexes
  5546 | D:6      | Reached skill level 9 in Stealth
  5855 | D:4      | Found an iron altar of Okawaru.
  6131 | D:4      | Found a basalt altar of Yredelemnul.
  6438 | D:6      | Found a radiant altar of Vehumet.
  6781 | D:6      | Killed Pikel
  7128 | D:7      | Reached skill level 10 in Stealth
  7132 | D:7      | Reached ** piety under Fedhas
  7381 | D:7      | Reached XP level 9. HP: 41/41 MP: 22/22
  7711 | D:7      | Found a staircase to the Ecumenical Temple.
  7717 | Temple   | Entered the Ecumenical Temple
  7870 | D:7      | Reached skill level 5 in Dodging
  8098 | D:8      | Identified Wabem's Handbook of Earthen Envenoming
  8102 | D:8      | Learned a level 2 spell: Cure Poison
  8399 | D:8      | Noticed Grum
  8426 | D:8      | Reached skill level 11 in Stealth
  8579 | D:8      | Killed Grum
  8901 | D:8      | Noticed Erolcha
  8915 | D:9      | Reached skill level 10 in Spellcasting
  9265 | D:9      | Found a staircase to the Lair.
  9265 | D:9      | Noticed a fire drake
  9279 | D:9      | Killed a fire drake
  9386 | D:9      | Reached XP level 10. HP: 46/46 MP: 25/25
  9666 | D:8      | Killed Erolcha
  9666 | D:8      | Reached skill level 12 in Stealth
  9863 | D:8      | Reached *** piety under Fedhas
 10078 | Lair:1   | Entered Level 1 of the Lair of Beasts
 10085 | Lair:1   | Gained mutation: You are partially covered in rough black scales (AC +4, Dex -1). [potion of mutation]
 10085 | Lair:1   | Gained mutation: Your muscles are strong. (Str +2) [potion of mutation]
 10085 | Lair:1   | Gained mutation: You can spit weak poison. [potion of mutation]
 10105 | Lair:1   | Noticed Harold
 10111 | Lair:1   | Killed Harold
 10111 | Lair:1   | Reached skill level 13 in Stealth
 10249 | Lair:1   | Noticed a black mamba
 10258 | Lair:1   | Killed a black mamba
 10450 | Lair:1   | Learned a level 5 spell: Metabolic Englaciation
 10723 | D:10     | Entered Level 10 of the Dungeon
 11002 | D:10     | Reached skill level 14 in Stealth
 11199 | D:10     | Reached **** piety under Fedhas
 11551 | D:11     | Noticed a hill giant
 11560 | D:11     | Killed a hill giant
 11560 | D:11     | Reached XP level 11. HP: 50/50 MP: 28/28
 11632 | D:11     | Noticed a hill giant
 11652 | D:11     | Killed a hill giant
 11715 | D:11     | Found a snail-covered altar of Cheibriados.
 12424 | D:12     | Found a staircase to the Orcish Mines.
 12591 | D:12     | Reached ***** piety under Fedhas
 13297 | Orc:1    | Entered Level 1 of the Orcish Mines
 13371 | Orc:1    | Reached skill level 15 in Stealth
 13464 | Orc:1    | Noticed ShokerKer's ghost (journeyman MiFi)
 13516 | Orc:1    | Killed ShokerKer's ghost
 14218 | Orc:2    | Reached skill level 5 in Short Blades
 14247 | Orc:2    | Reached ****** piety under Fedhas
 14288 | Orc:2    | Found Baolioxi's Armour Shoppe.
 14456 | Orc:2    | Found a flagged portal.
 14482 | Bailey   | Entered a bailey
 15052 | Bailey   | Got a shimmering cloak
 15066 | Bailey   | Identified the +0 cloak of Disguise {rElec rC+ rCorr Dex+4} (You found it in a bailey)
 15355 | Orc:2    | Found a roughly hewn altar of Beogh.
 17060 | Orc:4    | Entered Level 4 of the Orcish Mines
 17090 | Orc:4    | Noticed a deep troll
 17101 | Orc:4    | Noticed an ogre mage
 17107 | Orc:4    | Found Pyr Hia's Jewellery Shoppe.
 17115 | Orc:4    | Found Nehoupso's Weapon Shop.
 17117 | Orc:4    | Noticed an ettin
 17119 | Orc:4    | Noticed a hill giant
 17141 | Orc:4    | Noticed a deep troll
 17141 | Orc:4    | Killed an ogre mage
 17141 | Orc:4    | Reached skill level 10 in Hexes
 17141 | Orc:4    | Reached XP level 12. HP: 54/54 MP: 20/30
 17142 | Orc:4    | Killed a deep troll
 17148 | Orc:4    | Noticed an ogre mage
 17162 | Orc:4    | Noticed Nessos
 17386 | Orc:4    | Killed a hill giant
 17400 | Orc:4    | Found Zuw Curch's Food Emporium.
 17417 | Orc:4    | Noticed Maurice
 17441 | Orc:4    | Reached skill level 16 in Stealth
 17460 | Orc:4    | Killed a deep troll
 17476 | Orc:4    | Killed an ogre mage
 17504 | Orc:4    | Shot with a poisoned arrow by Nessos

Action                   |  1- 3 |  4- 6 |  7- 9 | 10-12 || total
-------------------------+-------+-------+-------+-------++-------
Melee: Dagger            |    63 |   125 |   146 |   436 ||   770
       Short sword       |       |    30 |       |       ||    30
 Fire: Hunting sling     |       |    74 |       |       ||    74
 Cast: Corona            |    10 |     2 |     5 |     1 ||    18
       Ensorcelled Hiber |    21 |    18 |    85 |   216 ||   340
       Confuse           |       |    20 |    20 |    37 ||    77
       Tukima's Dance    |       |       |     2 |    76 ||    78
       Metabolic Englaci |       |       |       |     6 ||     6
       Cure Poison       |       |       |       |     2 ||     2
Invok: Sunlight          |       |       |       |     2 ||     2
       Evolution         |       |       |       |     3 ||     3
  Use: Potion            |       |     1 |     8 |     9 ||    18
       Scroll            |       |       |     6 |    10 ||    16
 Stab: Sleeping          |    31 |    31 |    56 |   175 ||   293
       Confused          |       |    14 |    14 |    23 ||    51
       Distracted        |       |       |       |     2 ||     2
       Invisible         |       |       |       |     1 ||     1
  Eat: Bread ration      |       |     1 |     1 |     1 ||     3
